 Dungeon Crawl Stone Soup version 0.26.1-11-gd32895ea62 (webtiles) character file.

Game seed: 114688742663099381

620 vvl the Chopper (level 7, -1/54 HPs)
             Began as a Human Berserker on June 10, 2021.
             Was a Believer of Trog.
             Slain by Prince Ribbit (11 damage)
             ... on level 5 of the Dungeon.
             The game lasted 00:09:28 (4019 turns).

vvl the Chopper (Human Berserker)                   Turns: 4019, Time: 00:09:28

Health: -1/54      AC: 10    Str: 15 (17) XL:     7   Next: 75%
Magic:  7/7        EV: 10    Int:  8 (10) God:    Trog [**....]
Gold:   190        SH:  0    Dex: 10 (12) Spells: 6/6 levels left

rFire    x . .     SeeInvis .   s - +1 war axe (vorpal)
rCold    + . .     Faith    .   (no shield)
rNeg     . . .     Spirit   .   p - +0 scale mail
rPois    .         Reflect  .   m - +1 helmet
rElec    .         Harm     .   (no cloak)
rCorr    .         Rampage  .   d - +0 pair of gloves
Will     ++...                  (no boots)
Stlth    ..........             (no amulet)
HPRegen  1.18/turn              n - ring of ice
MPRegen  0.10/turn              (no ring)

@: berserk cooldown, attractive, regenerating, slowed, very slow
A: no striking features
a: Renounce Religion, Berserk, Trog's Hand


You were on level 5 of the Dungeon.
You worshipped Trog.
Trog was pleased with you.
You visited 1 branch of the dungeon, and saw 5 of its levels.

You collected 190 gold pieces.

Inventory:

Hand Weapons
 s - a +1 vorpal war axe (weapon)
Armour
 d - a +0 pair of gloves (worn)
 m - a +1 helmet (worn)
 p - a +0 scale mail (worn)
Jewellery
 n - a ring of ice (left hand)
 w - an uncursed ring of protection from cold {unknown}
 x - a +4 ring of slaying {unknown}
Wands
 o - a wand of random effects (19)
 y - a wand of polymorph (11)
Scrolls
 b - a scroll of fog {unknown}
 c - 2 scrolls of amnesia {unknown}
 e - a scroll of enchant weapon {unknown}
 f - 3 scrolls of teleportation {unknown}
 h - 4 scrolls of identify {unknown}
 j - a scroll of immolation {unknown}
 q - a scroll of blinking {unknown}
 v - a scroll of magic mapping {unknown}
Potions
 a - a potion of might {unknown}
 g - a potion of lignification {unknown}
 i - 2 potions of degeneration
 k - a potion of mutation {unknown}
 l - a potion of brilliance {unknown}
 r - a potion of attraction
 t - a potion of resistance {unknown}


   Skills:
 + Level 4.2 Fighting
 * Level 5.1 Axes
 + Level 3.4 Armour
 + Level 3.4 Dodging
 + Level 2.6 Shields
 + Level 2.6 Evocations


You had 6 spell levels left.
You didn't know any spells.
Your spell library contained the following spells:

 Spells                   Type           Power        Failure   Level
 Confusing Touch          Hex            0%           99%         3
 Gell's Gravitas          Tloc           0%           99%         3
 Petrify                  Tmut/Erth      0%           100%        4
 Metabolic Englaciation   Hex/Ice        0%           100%        5
 Yara's Violent Unravell  Hex/Tmut       0%           100%        5


Dungeon Overview and Level Annotations

Branches:
Dungeon (5/15)
 Temple: D:4-7

Altars:
Dithmenos
Makhleb
Uskayaw

Shops:
D:4 (   D:5 (

Annotations:
D:5 Prince Ribbit


Message History

Prince Ribbit hits you!
* * * LOW HITPOINT WARNING * * *
Prince Ribbit hits you!
* * * LOW HITPOINT WARNING * * *
You feel better. Prince Ribbit barely misses you.
Prince Ribbit blinks! x2
Okay, then.
Your skin crawls.
You feel strong-willed. Prince Ribbit barely misses you. x2
You miss Prince Ribbit.
Prince Ribbit is moderately wounded.
Prince Ribbit catches a millipede with his tongue.
Prince Ribbit hits you but does no damage.
Prince Ribbit closely misses you.
You hit Prince Ribbit.
Prince Ribbit is heavily wounded.
Prince Ribbit hits you!
* * * LOW HITPOINT WARNING * * *
Prince Ribbit barely misses you. Prince Ribbit hits you!
You die...

## ... # ##### #.#
#!#.... ###.#
###....?### ##..#
.......F..# ##..## #
#.....@.#######....###.
#...###..>..........#..
##. #∩'..#####.......<.
#..###..# #.........
#......#######.......#
##...................#
#############.....<.#
###...### #...#


You could see Prince Ribbit.

Vanquished Creatures
  2 ogres (D:4)
  A bullfrog (D:4)
  A scorpion (D:4)
  3 bullfrog skeletons (D:4)
  A worker ant (D:4)
  Terence (D:2)
  A hound skeleton (D:4)
  4 gnolls (D:2)
  5 adders
  A white imp (D:3)
  An ufetubus (D:5)
  An ooze (D:2)
  3 worms (D:3)
  A dart slug (D:1)
  A leopard gecko (D:1)
  5 orcs
  8 giant cockroaches
  4 goblins (D:1)
  10 hobgoblins
  9 jackals
  3 quokkas
  A ball python (D:2)
  6 bats
  3 frilled lizards
  6 kobolds
  A leopard gecko skeleton (D:4)
  3 rats
86 creatures vanquished.

Notes
Turn   | Place    | Note
-------+----------+-------------------------------------------
     0 | D:1      | vvl the Human Berserker began the quest for the Orb.
     0 | D:1      | Reached XP level 1. HP: 18/18 MP: 1/1
   244 | D:1      | Reached XP level 2. HP: 23/24 MP: 2/2
   604 | D:1      | Reached XP level 3. HP: 21/29 MP: 3/3
  1175 | D:2      | Reached skill level 1 in Evocations
  1175 | D:2      | Reached XP level 4. HP: 35/35 MP: 4/4
  1178 | D:2      | Reached skill level 1 in Shields
  1182 | D:2      | Reached ** piety under Trog
  1447 | D:2      | Found a shadowy altar of Dithmenos.
  1504 | D:2      | Reached XP level 5. HP: 20/41 MP: 5/5
  1867 | D:2      | Noticed Terence
  1877 | D:2      | Killed Terence
  1878 | D:2      | Reached skill level 4 in Axes
  2682 | D:3      | Reached XP level 6. HP: 41/48 MP: 6/6
  2845 | D:4      | Found a hide-covered altar of Uskayaw.
  2994 | D:4      | Found a burning altar of Makhleb.
  3098 | D:4      | Found Doeriukkask's Weapon Emporium.
  3155 | D:4      | Noticed an ogre
  3168 | D:4      | Reached XP level 7. HP: 51/54 MP: 7/7
  3368 | D:4      | Reached skill level 5 in Axes
  3444 | D:4      | Reached *** piety under Trog
  3967 | D:5      | Entered Level 5 of the Dungeon
  3989 | D:5      | Found Qesaeh's Weapon Boutique.
  3994 | D:5      | Noticed Prince Ribbit
  4015 | D:5      | HP: 2/54 [Prince Ribbit (7)]
  4019 | D:5      | Slain by Prince Ribbit

Illustrated notes

Levels and vault maps discovered:
D:1:      giann_forest_graveyard, layout_basic
D:2:      layout_basic, lemuel_doored_altar, minmay_misc_feat_cross,
          uniq_terence
D:3:      layout_basic
D:4:      layout_basic, eat_drink_and_be_merry_uskayaw, bloody_makhleb,
          serial_shops, nicolae_shop_trees
D:5:      layout_loops_ring, serial_shops, kennysheep_mini_moat,
          minmay_misc_feat_alley, minmay_curled_crystal, uniq_prince_ribbit1,
          uniq_pikel, uniq_blork_the_orc

Skill      XL: |  1  2  3  4  5  6  7 |
---------------+----------------------+-----
Evocations     | 1 2 |  2.6
Shields        | 1 2 |  2.6
Axes           | 4 5 |  5.1
Armour         | 3 |  3.4
Dodging        | 3 |  3.4
Fighting       | 4 |  4.2

Action                   |  1- 3 |  4- 6 |  7- 9 || total
-------------------------+-------+-------+-------++-------
Melee: Hand axe          |   101 |    15 |       ||   116
       Mace              |       |    63 |       ||    63
       War axe           |       |    68 |    29 ||    97
Invok: Berserk           |     1 |     1 |     1 ||     3
       Trog's Hand       |       |     1 |     2 ||     3
  Use: Potion            |       |       |     4 ||     4
Armor: Animal skin       |    33 |    12 |       ||    45
       Scale mail        |       |    41 |    13 ||    54
       Skin              |       |     2 |       ||     2
Dodge: Dodged            |    85 |   112 |    23 ||   220
